 Dungeon Crawl Stone Soup version 0.18.1-48-g4cf74bf (webtiles) character file.

80 juanjsm the Digger (level 4, -1/24 HPs)
             Began as a Gargoyle Earth Elementalist on July 1, 2016.
             Killed by divine providence
             ... invoked by an orc priest
              (12 damage)
             ... on level 3 of the Dungeon.
             The game lasted 00:10:21 (1993 turns).

juanjsm the Digger (Gargoyle Earth Elementalist)    Turns: 1993, Time: 00:10:22

Health: -1/24      AC:  6    Str: 12    XL:     4   Next: 39%
Magic:  5/8        EV: 12    Int: 16    God:
Gold:   183        SH:  0    Dex: 10    Spells: 2 memorised, 5 levels left

rFire  x . .     SeeInvis .     b - 68 stones
rCold  + . .     Gourm    .     a - +0 robe
rNeg   + . .     Faith    .     (no shield)
rPois  ∞         Spirit   .     (no helmet)
rElec  +         Dismiss  .     (no cloak)
rCorr  .         Reflect  .     (no gloves)
SustAt .         Harm     .     j - +0 pair of boots
MR     .....                    (no amulet)
Stlth  ++........               (no ring)
                                s - ring of ice

@: not resistant to hostile enchantments, unstealthy
A: negative energy resistance 1, electricity resistance, unbreathing,
petrification resistance, rot immunity, AC +3
a: no special abilities


You were on level 3 of the Dungeon.
You were hungry.

You visited 1 branch of the dungeon, and saw 3 of its levels.

You collected 183 gold pieces.

Inventory:

Hand Weapons
 i - a +0 dagger
 k - a +0 whip
 x - a +1 dagger of venom
Missiles
 b - 68 stones (in hand)
Armour
 a - a +0 robe (worn)
 j - a +0 pair of boots (worn)
Jewellery
 s - a ring of ice (left hand)
Wands
 u - a wand of acid (4/15)
Scrolls
 e - a scroll of recharging {unknown}
 h - 2 scrolls of identify {unknown}
 m - a scroll of enchant armour {unknown}
 p - a scroll of noise {unknown}
 r - a scroll of fear {unknown}
 v - a scroll of enchant weapon {unknown}
Potions
 f - a potion of lignification {unknown}
 l - a potion of degeneration {unknown}
 n - 2 potions of curing {unknown}
 o - a potion of invisibility {unknown}
 q - 2 potions of heal wounds
 t - a potion of berserk rage {unknown}
Books
 c - a book of Geomancy

   Spells                             Type                      Level
   a - Sandblast                      Earth                        1
   b - Passwall                       Transmutation/Earth          2
   c - Stone Arrow                    Conjuration/Earth            3
   d - Petrify                        Transmutation/Earth          4
   e - Lee's Rapid Deconstruction     Earth                        5
Comestibles
 d - 3 bread rations
 w - 3 meat rations


   Skills:
 - Level 1.5 Dodging
 - Level 2.1 Stealth
 + Level 3.1 Spellcasting
   Level 0.7 Transmutations
 + Level 5.1 Earth Magic


You had 5 spell levels left.
You knew the following spells:

 Your Spells              Type           Power        Failure   Level  Hunger
a - Sandblast             Erth           ###...       2%          1    None
b - Stone Arrow           Conj/Erth      ##....       21%         3    ###....


Dungeon Overview and Level Annotations

Branches:
Dungeon (3/15)

Altars:
Ashenzari
Cheibriados
Gozag
Kikubaaqudgha
Pakellas
Ru
Xom

Annotations:
D:2 Sigmund


Innate Abilities, Weirdness & Mutations

You are resistant to torment.
Your stone body is resilient (AC +3).
You are immune to poison.
You resist negative energy.
You are resistant to electric shocks.
You can survive without breathing.
You are immune to petrification.
You are immune to rotting.


Message History

b - 70 stones (in hand)
Casting: Sandblast
Confirm with . or Enter, or press ? or * to list all spells.
Aiming: Sandblast
Press: ? - help, Shift-Dir - straight line, f - orc priest
Aim: an orc priest, wielding a trident and wearing a leather armour The rocky blast hits the orc priest.
The orc priest calls down the wrath of Beogh upon you.
Pain shoots through your body!
Casting: Sandblast
Confirm with . or Enter, or press ? or * to list all spells.
Aiming: Sandblast
Press: ? - help, Shift-Dir - straight line, f/p - orc priest
Aim: an orc priest, wielding a trident and wearing a leather armour The rocky blast hits the orc priest.
The orc priest is moderately wounded.
The orc priest calls down the wrath of Beogh upon you.
Beogh smites you!
Ouch! That really hurt!
You die...

#####
###....
#......
#......####
#...(..+..#
#.....o##.##
#..@..<#
#.....##
#.##.##
#.....
###.### #.
##


You could see an orc priest.

Vanquished Creatures
  Ijyb (D:2)
  A worm (D:2)
  A dart slug (D:2)
  2 giant geckos
  3 ball pythons
  4 bats
  3 giant cockroaches
  10 goblins
  5 hobgoblins (D:2)
  3 jackals (D:1)
  2 giant newts
  5 kobolds
  2 rats (D:2)
42 creatures vanquished.

Notes
Turn   | Place    | Note
--------------------------------------------------------------
     0 | D:1      | juanjsm the Gargoyle Earth Elementalist began the quest for the Orb.
     0 | D:1      | Reached XP level 1. HP: 10/10 MP: 3/3
   213 | D:1      | Reached XP level 2. HP: 15/15 MP: 3/5
   247 | D:1      | Reached skill level 4 in Earth Magic
   654 | D:2      | Reached XP level 3. HP: 19/19 MP: 0/7
   663 | D:2      | Learned a level 3 spell: Stone Arrow
   682 | D:2      | Found a shimmering altar of Xom.
  1166 | D:2      | Noticed Sigmund
  1309 | D:2      | Noticed Ijyb
  1318 | D:2      | Killed Ijyb
  1318 | D:2      | Reached skill level 5 in Earth Magic
  1318 | D:2      | Reached XP level 4. HP: 22/24 MP: 0/8
  1760 | D:2      | Found an ancient bone altar of Kikubaaqudgha.
  1765 | D:2      | Found a snail-covered altar of Cheibriados.
  1904 | D:2      | Found an oddly glowing altar of Pakellas.
  1905 | D:2      | Found an opulent altar of Gozag.
  1907 | D:2      | Found a sacrificial altar of Ru.
  1909 | D:2      | Found a shattered altar of Ashenzari.
  1993 | D:3      | Killed from afar by an orc priest

Skill      XL: |  1  2  3 |
---------------+----------+-----
Earth Magic    | 4 5 |  5.1
Spellcasting   | 3 |  3.1
Dodging        | |  1.5
Stealth        | |  2.1
Transmutations | |  0.7

Action                   |  1- 3 |  4- 6 || total
-------------------------+-------+-------++-------
Melee: Unarmed           |     3 |       ||     3
       Dagger            |    19 |     9 ||    28
 Cast: Sandblast         |    54 |    29 ||    83
  Eat: Chunk             |     1 |     2 ||     3
Armor: Robe              |    20 |     6 ||    26
Dodge: Dodged            |    42 |    11 ||    53
